 Dungeon Crawl Stone Soup version 0.32-a0-886-g41c5271027 (webtiles) character file.

Game seed: 6331739031472353058

1265 Biggs the Skirmisher (level 8, -4/60 HPs)
             Began as a Coglin Hunter on Apr 2, 2024.
             Was a Believer of Okawaru.
             Killed from afar by an orc wizard (11 damage)
             ... with a puff of flame
             ... on level 6 of the Dungeon.
             The game lasted 00:06:48 (3944 turns).

Biggs the Skirmisher (Coglin Hunter)                Turns: 3944, Time: 00:06:48

Health: -4/60      AC:  5    Str: 12    XL:     8   Next: 52%
Magic:  8/8        EV: 12    Int:  9    God:    Okawaru [**....]
Gold:   345        SH:  0    Dex: 19    Spells: 7/7 levels left

rFire   . . .        a - +2 sling {Minoru}
rCold   . . .        d - +0 sling {Ikko}
rNeg    . . .        A - +0 leather armour {Will+}
rPois   .            (no helmet)
rElec   .            i - +0 cloak
rCorr   .            t - +0 pair of gloves
SInv    .            (no boots)
Will    +....        (amulet unavailable)
Stlth   ++           (ring unavailable)
HPRegen 0.30/turn    (ring unavailable)
MPRegen 0.11/turn    (no gizmo)

%: no passive effects
@: invisible, revving
A: off-hand wielding, slow wielding, warmup strikes, no jewellery
a: Invent Gizmo, Renounce Religion, Heroism


You were on level 6 of the Dungeon.
You worshipped Okawaru.
Okawaru was pleased with you.
You visited 2 branches of the dungeon, and saw 7 of its levels.
You also visited: Ossuary.

You collected 345 gold pieces.

Inventory:

Hand Weapons
 a - a +2 sling (weapon) {Minoru}
 d - a +0 sling (offhand) {Ikko}
Armour
 i - a +0 cloak (worn)
 t - a +0 pair of gloves (worn)
 A - a +0 leather armour of willpower (worn)
Wands
 w - a wand of flame (26)
Scrolls
 b - a scroll of butterflies
 g - 3 scrolls of enchant armour
 j - 2 scrolls of summoning {unknown}
 k - 4 scrolls of teleportation
 m - 4 scrolls of noise
 p - 2 scrolls of poison
 q - 2 scrolls of enchant weapon {unknown}
 r - 2 scrolls of immolation {unknown}
 u - a scroll of torment {unknown}
 v - a scroll of fear {unknown}
 y - a scroll of acquirement {unknown}
 B - 3 scrolls of blinking {unknown}
 C - a scroll of identify
 D - a scroll of fog {unknown}
 E - a scroll of amnesia {unknown}
Potions
 c - 2 potions of mutation {unknown}
 e - 2 potions of degeneration {unknown}
 f - 4 potions of invisibility
 h - 2 potions of magic {unknown}
 l - a potion of curing {unknown}
 n - a potion of cancellation {unknown}
 o - 4 potions of lignification {unknown}
 s - 2 potions of resistance {unknown}
 x - a potion of might {unknown}
 z - 2 potions of attraction {unknown}


   Skills:
 + Level 4.0 Fighting
 - Level 9.1 Ranged Weapons
 - Level 2.8 Dodging
 - Level 0.7 Stealth


You had 7 spell levels left.
You didn't know any spells.
Your spell library contained the following spells:

 Spells                   Type           Power      Damage    Failure   Level
 Ensorcelled Hibernation  Hex/Ice        0%         N/A       61%         2
 Hailstorm                Conj/Ice       0%         3d5       83%         3
 Passwall                 Erth           0%         N/A       83%         3
 Swiftness                Air            0%         N/A       83%         3
 Leda's Liquefaction      Alch/Erth      0%         N/A       99%         4
 Petrify                  Alch/Erth      0%         N/A       99%         4
 Metabolic Englaciation   Hex/Ice        0%         N/A       100%        5
 Permafrost Eruption      Ice/Erth       0%         2x4d1     100%        6
 Summon Ice Beast         Ice/Summ       Unusable   N/A       N/A         3
 Sculpt Simulacrum        Ice/Alch       Unusable   N/A       N/A         6

Dungeon Overview and Level Annotations

Branches:
Dungeon (6/15)             Temple (1/1) D:4         Ossuary (visited)

Altars:
Ashenzari
Cheibriados
Dithmenos
Elyvilon
Fedhas
Hepliaklqana
Makhleb
Nemelex Xobeh
Okawaru
Qazlal
Ru
Sif Muna
Uskayaw
Vehumet
Wu Jian
Xom
Zin
The Shining One

Shops:
D:1 :


Innate Abilities, Weirdness & Mutations

You can wield a second weapon in your off-hand.
It takes a long time for you to wield or remove held weapons.
Your first few attacks do less damage.
You cannot equip rings or amulets.


Message History

The sling bullet hits the orc priest but does no damage.
The orc priest is severely wounded.
You shoot a sling bullet. The sling bullet hits the orc priest.
The orc priest is severely wounded.
The orc priest invokes the aid of Beogh against you.
Beogh smites you!
You are too injured to fight recklessly!
Unknown command.
You are too injured to fight recklessly!
Unknown command.
You shoot a sling bullet. The sling bullet hits the orc priest.
You kill the orc priest!
Okawaru accepts your kill.
You shoot a sling bullet. The sling bullet hits the electric eel.
The electric eel is lightly wounded.
The electric eel shoots out a bolt of lightning at you!
The bolt of electricity hits something!
The bolt of electricity hits you!
* * * LOW HITPOINT WARNING * * *
Your Fighting skill increases to level 4!
Something hits you.
* * * LOW HITPOINT WARNING * * *
You shoot a sling bullet. x2
You hear some strange, mumbled words.
A magic dart appears from out of thin air!
The magic dart hits you.
* * * LOW HITPOINT WARNING * * *
You shoot a sling bullet. x2
You hear some strange, mumbled words.
A puff of flame appears from out of thin air!
The puff of flame hits you!
* * * LOW HITPOINT WARNING * * *
You hear some strange, mumbled words.
A puff of flame appears from out of thin air!
The puff of flame misses you.
It was a potion of invisibility.
You fade into invisibility!
You hear some strange, mumbled words.
A puff of flame appears from out of thin air!
The puff of flame hits you!
You die...

##.##(##..#######
.#........# ..#######.# ###
..# ##.## #.# .≈≈...♣ ..#
#...# #.# .≈≈.ß.♣ .## #...#
#.# .≈≈...♣ ## #...# #.#
.≈≈.⌠.♣ #### #...# #.#
{≈≈...♣ ...#####...#####@#
.≈≈.♣
#..............{{####)≈≈K###
#................)....≈≈K...
#............>..##..##≈≈###.
.#.###.#...#.#####....≈≈#
##.# #.#...#.# ##.##≈≈# <..#
# #...#.# #.# .# ####
.......# #.# .# # .#.....#
#.. .#


There were no monsters in sight!

Vanquished Creatures
  Eustachio (D:4)
  An ogre (D:4)
  A centaur (D:6)
  A phantom (D:5)
  A scorpion (D:4)
  A howler monkey (D:5)
  2 bombardier beetles
  3 centaur zombies (Ossuary)
  2 hounds (D:5)
  5 orc priests
  An iguana (D:5)
  3 orc wizards
  2 ogre zombies (Ossuary)
  7 mummies (Ossuary)
  10 adders
  2 ufetubi (D:6)
  3 adder zombies (Ossuary)
  A dart slug (D:3)
  15 orcs
  7 endoplasms
  4 giant cockroaches
  9 goblins
  4 hobgoblins
  3 quokkas
  7 ball pythons
  5 bats
  5 frilled lizards
  5 goblin zombies (Ossuary)
  7 hobgoblin zombies (Ossuary)
  10 kobolds
  7 kobold zombies (Ossuary)
  2 quokka zombies (Ossuary)
  7 rats
  A rat zombie (Ossuary)
145 creatures vanquished.

Notes
Turn   | Place    | Note
-------+----------+-------------------------------------------
     0 | D:1      | Biggs the Coglin Hunter began the quest for the Orb.
     0 | D:1      | Reached XP level 1. HP: 16/16 MP: 1/1
   104 | D:1      | Reached skill level 4 in Ranged Weapons
   104 | D:1      | Reached XP level 2. HP: 22/22 MP: 2/2
   119 | D:1      | Found Utilluf's Vocational Training.
   456 | D:2      | Reached XP level 3. HP: 27/27 MP: 3/3
   577 | D:2      | Reached skill level 5 in Ranged Weapons
   577 | D:2      | Reached XP level 4. HP: 33/33 MP: 4/4
  1164 | D:3      | Reached XP level 5. HP: 34/38 MP: 5/5
  1232 | D:3      | Found a faded altar of an unknown god.
  1244 | D:3      | Reached skill level 6 in Ranged Weapons
  1432 | D:3      | Reached XP level 6. HP: 37/44 MP: 6/6
  1667 | D:4      | Found a staircase to the Ecumenical Temple.
  1694 | Temple   | Entered the Ecumenical Temple
  1733 | Temple   | Became a worshipper of Warmaster Okawaru
  1823 | D:4      | Noticed Eustachio
  1840 | D:4      | Killed Eustachio
  1841 | D:4      | Reached skill level 7 in Ranged Weapons
  1887 | D:4      | Found a sacrificial altar of Ru.
  1934 | D:4      | Reached XP level 7. HP: 50/50 MP: 7/7
  2043 | D:4      | Found a blossoming altar of Fedhas.
  2163 | D:4      | Found a shimmering blue altar of Sif Muna.
  2173 | D:4      | Reached * piety under Okawaru
  2331 | D:5      | Entered Level 5 of the Dungeon
  2388 | D:5      | Reached skill level 8 in Ranged Weapons
  2395 | D:5      | Found a sand-covered staircase.
  2400 | Ossuary  | Entered an ossuary
  2796 | Ossuary  | Reached XP level 8. HP: 56/56 MP: 8/8
  3071 | D:5      | Reached skill level 9 in Ranged Weapons
  3815 | D:6      | Reached ** piety under Okawaru
  3944 | D:6      | Killed from afar by an orc wizard

Illustrated notes

Levels and vault maps discovered:
D:1:      lightli_arrival_isolated_outpost, layout_rooms,
          nicolae_shop_vocational
D:2:      layout_rooms
D:3:      layout_basic, shapermc_ecumenical_altar_acropolis, chequers_jeans,
          serial_bayou_lake_a
D:4:      layout_rooms, mainiacjoe_overflow_brackets,
          hellmonk_sif_muna_bookshelves, fedhas_altar_decomposition,
          minmay_temple_entry_trees, uniq_eustachio
D:5:      layout_loops_ring, enter_ossuary_5, hangedman_decor_growths
D:6:      layout_loops_cross, chequers_serial_rivers_small_b,
          nicolae_wooded_promenade, uniq_crazy_yiuf_cottage
Temple:   regret_index_temple_generic_petals

Skill      XL: |  1  2  3  4  5  6  7  8 |
---------------+-------------------------+-----
Ranged Weapons | 4 5 6 7 8 9 |  9.1
Dodging        | 2 |  2.8
Fighting       | 4 |  4.0
Stealth        | |  0.7

Action                     |  1- 3 |  4- 6 |  7- 9 || total
---------------------------+-------+-------+-------++-------
   Fire: Sling             |   138 |   238 |   454 ||   830
    Use: Scroll            |       |       |     4 ||     4
         Potion            |       |       |     1 ||     1
 Armour: Leather armour    |     7 |    14 |    47 ||    68
  Dodge: Dodged            |     4 |    13 |    40 ||    57

Table legend: (Time is in decaauts)
 A = Elapsed time spent in this place.
 B = Non-inter-level travel time spent in this place.
 C = Inter-level travel time spent in this place.
 D = Time resting spent in this place.
 E = Time spent auto-exploring this place.
 F = Levels seen in this place.
 G = Mean time per level.
                   A        B        C        D        E       F      G
               +--------+--------+--------+--------+--------+-----+--------+
         Total |   4004 |   3741 |    263 |     38 |   2952 |   8 |  500.5 |
       Dungeon |   3359 |   3172 |    187 |     38 |   2543 |   6 |  559.8 |
        Temple |     78 |      2 |     76 |      0 |      0 |   1 |   78.0 |
       Ossuary |    566 |    566 |      0 |      0 |    409 |   1 |  566.0 |
               +--------+--------+--------+--------+--------+-----+--------+

Top non-repeatable levels by time:
     D:5: 824 daAuts
     D:3: 753 daAuts
     D:4: 642 daAuts
 Ossuary: 566 daAuts
     D:1: 470 daAuts
     D:2: 445 daAuts
     D:6: 223 daAuts
  Temple: 78 daAuts
